 Dungeon Crawl Stone Soup version 0.24-a0-250-g6074511 (webtiles) character file.

Game seed: 11893053338809647049

14441 MatthieuS the Thaumaturge (level 12, -4/87 HPs)
             Began as a Human Wanderer on Apr 15, 2019.
             Was a Priest of Vehumet.
             Slain by a jumping spider (16 damage)
             ... on level 3 of the Lair of Beasts.
             The game lasted 00:53:48 (22468 turns).

MatthieuS the Thaumaturge (Human Wanderer)         Turns: 22468, Time: 00:53:48

Health: -4/87      AC: 12    Str: 12    XL:     12   Next: 45%
Magic:  23/42      EV:  6    Int: 20    God:    Vehumet [***...]
Gold:   598        SH:  0    Dex: 11    Spells: 14/33 levels left

rFire    + . .     SeeInvis .   e - staff of power {!a}
rCold    + . .     Gourm    .   (no shield)
rNeg     . . .     Faith    .   b - +3 ring mail {rF+}
rPois    +         Spirit   .   F - +2 helmet
rElec    .         Reflect  .   (no cloak)
rCorr    .         Harm     .   (no gloves)
MR       .....                  (no boots)
Stlth    +.........             (no amulet)
HPRegen  0.24/turn              v - ring of poison resistance
MPRegen  0.28/turn              o - ring of protection from cold

@: very slightly contaminated, held
A: no striking features
a: Renounce Religion


You were on level 3 of the Lair of Beasts.
You worshipped Vehumet.
Vehumet was most pleased with you.
You were not hungry.

You visited 3 branches of the dungeon, and saw 13 of its levels.

You collected 598 gold pieces.

Inventory:

Hand Weapons
 a - a +2 short sword of draining
   (You took it off an orc on level 4 of the Dungeon)
 f - a +2 spear of venom
   (You took it off an orc on level 4 of the Dungeon)
 M - a +0 dagger of venom
   (You took it off a spriggan on level 2 of the Lair of Beasts)
Armour
 b - a +3 ring mail of fire resistance (worn)
   (You found it on level 2 of the Dungeon)
 q - a +3 scale mail
   (You found it on level 6 of the Dungeon)
 F - a +2 helmet (worn)
   (You found it on level 5 of the Dungeon)
Magical Staves
 e - an uncursed staff of power (weapon) {!a}
   (You found it on level 8 of the Dungeon)
 i - an uncursed staff of death
   (You found it on level 6 of the Dungeon)
Jewellery
 g - an uncursed ring of fire
   (You found it on level 2 of the Dungeon)
 o - a ring of protection from cold (right hand)
   (You took it off a goblin on level 3 of the Dungeon)
 v - a ring of poison resistance (left hand)
   (You found it on level 7 of the Dungeon)
Wands
 d - a wand of iceblast (28)
   (You found it on level 6 of the Dungeon)
 t - a wand of flame (10)
   (You found it on level 9 of the Dungeon)
 x - a wand of acid (2)
   (You found it on level 7 of the Dungeon)
 D - a wand of polymorph (5)
   (You took it off a spriggan on level 8 of the Dungeon)
 I - a wand of enslavement (5)
   (You took it off an orc on level 9 of the Dungeon)
Scrolls
 j - 4 scrolls of magic mapping
 k - 9 scrolls of amnesia
 p - a scroll of enchant weapon {unknown}
 r - 3 scrolls of teleportation {@r4}
 s - a scroll of noise {unknown}
 w - 8 scrolls of identify {@r1}
 y - a scroll of fear
 A - a scroll of immolation {unknown}
 B - a scroll of fog
 G - a scroll of remove curse {@r2}
 J - a scroll of summoning {unknown}
 K - 2 scrolls of vulnerability {unknown}
 P - a scroll of acquirement {unknown}
Potions
 c - a potion of lignification {!q}
 h - 8 potions of mutation {!q}
 l - a potion of resistance
 m - a potion of invisibility
 n - a potion of berserk rage
 u - a potion of heal wounds {@q2}
 z - 3 potions of curing {@q1}
 E - a potion of brilliance {unknown}
 H - a potion of flight
 N - a potion of agility {unknown}
 O - a potion of might
Comestibles
 C - 10 rations


   Skills:
 + Level 5.7 Fighting
 - Level 4.3 Armour
 + Level 3.7 Dodging
   Level 1.0 Shields
 + Level 11.1 Spellcasting
 + Level 11.0 Conjurations
   Level 2.0 Hexes
   Level 1.0 Necromancy
 - Level 3.0 Translocations
 + Level 5.7 Ice Magic
 + Level 4.2 Air Magic
 - Level 1.0 Evocations


You had 14 spell levels left.
You knew the following spells:

 Your Spells              Type           Power        Failure   Level  Hunger
a - Magic Dart            Conj           ####         1%          1    None
b - Blink                 Tloc           N/A          6%          2    None
c - Conjure Flame         Conj/Fire      ####....     1%          3    None
d - Mephitic Cloud        Conj/Pois/Air  ####....     1%          3    None
e - Freezing Cloud        Conj/Ice/Air   #####.....   28%         6    ######.
f - Searing Ray           Conj           ######       1%          2    None
g - Poisonous Vapours     Pois/Air       ###...       9%          2    None

Your spell library contained the following spells:

 Spells                   Type           Power        Failure   Level  Hunger
 Static Discharge         Conj/Air       #####...     1%          3    None
 Slow                     Hex            ###.....     9%          2    None
 Summon Butterflies       Summ           ##......     13%         1    None
 Call Imp                 Summ           ##......     21%         2    None
 Recall                   Summ/Tloc      N/A          22%         3    None
 Ring of Flames           Chrm/Fire      ##........   100%        7    #######


Dungeon Overview and Level Annotations

Branches:
Dungeon (9/15)             Temple (1/1) D:4            Lair (3/6) D:8
 Spider (0/4) Lair:3          Orc (0/2) D:9
  Swamp: Lair:2-4    Shoals: Lair:2-4

Altars:
Ashenzari
Elyvilon
Gozag
Hepliaklqana
Kikubaaqudgha
Nemelex Xobeh
Ru
Sif Muna
Trog
Uskayaw
Vehumet
Wu Jian
Xom
Yredelemnul
The Shining One

Shops:
D:4 }

Annotations:
D:5 1 runed translucent door, Crazy Yiuf


Message History

Vehumet accepts your kill.
You feel your power returning.
The jumping spider completely misses you.
The jumping spider bites you. The bullfrog hits you.
The searing ray hits the bullfrog!
You kill the bullfrog!
Vehumet accepts your kill.
You finish channeling your searing ray.
The jumping spider barely misses you. The jumping spider misses you.
The searing ray hits the jumping spider. (Press . to maintain the ray.)
The jumping spider pounces on you!
You are caught in a web!
The jumping spider bites you.
The jumping spider pounces on you but does no damage.
The jumping spider bites you but does no damage.
The searing ray hits the jumping spider but does no damage.
The jumping spider pounces on you!
* * * LOW HITPOINT WARNING * * *
You are even more entangled.
The jumping spider barely misses you.
The searing ray hits the jumping spider!
The jumping spider pounces on you but does no damage.
The jumping spider bites you but does no damage.
The jumping spider pounces on you!
* * * LOW HITPOINT WARNING * * *
The jumping spider bites you but does no damage.
The magic dart hits the jumping spider but does no damage.
The jumping spider pounces on you.
* * * LOW HITPOINT WARNING * * *
You are even more entangled.
The jumping spider bites you.
* * * LOW HITPOINT WARNING * * *
You feel much better. The jumping spider pounces on you!
* * * LOW HITPOINT WARNING * * *
The jumping spider bites you but does no damage.
The jumping spider pounces on you.
* * * LOW HITPOINT WARNING * * *
You are even more entangled.
The jumping spider bites you but does no damage.
The bolt of acid misses the jumping spider.
The jumping spider pounces on you!
* * * LOW HITPOINT WARNING * * *
The jumping spider bites you.
* * * LOW HITPOINT WARNING * * *
Aim: a jumping spider (heavily wounded, clinging)
The bolt of acid hits the jumping spider!
The jumping spider is splashed with acid.
The acid corrodes the jumping spider!
The jumping spider pounces on you.
* * * LOW HITPOINT WARNING * * *
The jumping spider bites you but does no damage.
The jumping spider pounces on you!
You die...

..>
#...
≈≈≈###
.°#.#
/..#
..#
#†#
##@#
#.s#
##..#
#...#
##..##
##..##
#....#
##...#
#P..#


You could see a jumping spider.

Vanquished Creatures
  2 hydras (Lair:1)
  Maurice (D:7)
  2 black mambas (Lair:2)
  2 spiny frogs
  3 komodo dragons
  A polar bear (Lair:2)
  3 blink frogs (Lair:1)
  A hippogriff (Lair:2)
  Sigmund (D:5)
  3 redbacks (Lair:3)
  2 spriggans
  21 yaks
  A hungry ghost (D:9)
  6 water moccasins
  3 porcupines
  A black bear (Lair:2)
  An orc warrior (D:9)
  3 sky beasts
  4 ice beasts
  5 ogres
  2 phantoms
  2 centaurs
  10 wolves
  3 crocodiles
  9 bullfrogs
  A wyvern zombie (D:9)
  10 killer bees (D:9)
  3 howler monkeys (D:7)
  A crimson imp (D:9)
  2 centaur zombies
  A quasit (D:7)
  2 hounds
  2 orc priests
  A bullfrog skeleton (D:3)
  2 jellies
  An iguana (D:9)
  7 orc wizards
  Terence (D:3)
  6 worker ants
  A hound zombie (D:5)
  A hound skeleton (D:5)
  4 gnolls
  9 adders
  A shadow imp (D:8)
  A white imp (D:9)
  3 oozes
  5 adder skeletons
  4 worms
  2 leopard geckos
  32 orcs
  5 ball pythons
  2 giant cockroaches
  10 goblins
  9 hobgoblins
  8 jackals
  5 quokkas
  8 bats
  10 frilled lizards
  A goblin skeleton (D:9)
  2 goblin zombies (D:9)
  2 hobgoblin zombies (D:9)
  12 kobolds
  2 kobold skeletons (D:9)
  A kobold zombie (D:9)
  An orc skeleton (D:9)
  An orc zombie (D:9)
  13 rats
287 creatures vanquished.

Vanquished Creatures (collateral kills)
  A killer bee (D:9)
1 creature vanquished.

Vanquished Creatures (others)
  A wolf (Lair:1)
  9 fungi
  A plant (Lair:2)
11 creatures vanquished.

Grand Total: 299 creatures vanquished

Notes
Turn   | Place    | Note
-------+----------+-------------------------------------------
     0 | D:1      | MatthieuS the Human Wanderer began the quest for the Orb.
     0 | D:1      | MatthieuS set off with the following items: a +0 club, a
                  | potion of lignification {!q}, a +0 robe, a ration; and the
                  | following spells available to memorise: Slow, Magic Dart,
                  | Summon Butterflies, Blink, Call Imp, Conjure Flame,
                  | Mephitic Cloud, Recall
     0 | D:1      | Reached XP level 1. HP: 13/13 MP: 6/6
     2 | D:1      | Learned a level 1 spell: Magic Dart
   380 | D:1      | Reached skill level 1 in Conjurations
   380 | D:1      | Reached XP level 2. HP: 19/19 MP: 6/8
   651 | D:1      | Reached XP level 3. HP: 9/24 MP: 2/9
  1897 | D:1      | Learned a level 2 spell: Blink
  1901 | D:1      | Learned a level 3 spell: Mephitic Cloud
  2054 | D:2      | Reached XP level 4. HP: 19/30 MP: 7/11
  3104 | D:2      | Found an ornate altar of the Wu Jian Council.
  3677 | D:1      | Learned a level 3 spell: Conjure Flame
  3756 | D:2      | Reached XP level 5. HP: 35/35 MP: 0/12
  4420 | D:3      | Reached skill level 1 in Translocations
  4564 | D:3      | Noticed Terence
  5019 | D:3      | Found a basalt altar of Yredelemnul.
  5447 | D:3      | Reached XP level 6. HP: 34/41 MP: 5/14
  5996 | D:3      | Found a hide-covered altar of Uskayaw.
  6164 | D:4      | Found Mihicapa's Gadget Boutique.
  6164 | D:4      | Noticed an ogre
  6179 | D:4      | Killed an ogre
  6191 | D:4      | Reached XP level 7. HP: 44/46 MP: 9/16
  6424 | D:3      | Killed Terence
  7252 | D:4      | Found a sparkling altar of Nemelex Xobeh.
  7335 | D:4      | Found a staircase to the Ecumenical Temple.
  7367 | Temple   | Entered the Ecumenical Temple
  7414 | Temple   | Became a worshipper of Vehumet
  7502 | D:4      | Found a bloodstained altar of Trog.
  7514 | D:4      | Found a shimmering altar of Xom.
  7810 | D:5      | Entered Level 5 of the Dungeon
  7810 | D:5      | Noticed Sigmund
  7829 | D:5      | Killed Sigmund
  7829 | D:5      | Reached skill level 5 in Conjurations
  8032 | D:5      | Reached XP level 8. HP: 52/52 MP: 4/18
  9050 | D:5      | Found a runed translucent door.
  9051 | D:5      | Noticed Crazy Yiuf
  9986 | D:6      | Found a deep blue altar of Sif Muna.
  9990 | D:6      | Found a shattered altar of Ashenzari.
  9995 | D:6      | Found a white marble altar of Elyvilon.
 10444 | D:7      | Reached XP level 9. HP: 43/57 MP: 20/20
 10867 | D:7      | Found a bloodstained altar of Trog.
 11045 | D:7      | Found an opulent altar of Gozag.
 11213 | D:7      | Found a sparkling altar of Nemelex Xobeh.
 12035 | D:8      | Reached * piety under Vehumet
 12035 | D:8      | Offered knowledge of Sandblast by Vehumet.
 12221 | D:8      | Found a sacrificial altar of Ru.
 12451 | D:8      | Noticed Maurice
 13292 | D:7      | Killed Maurice
 13787 | D:8      | Reached XP level 10. HP: 63/63 MP: 16/23
 13877 | D:8      | Found a staircase to the Lair.
 14162 | D:9      | Learned a level 6 spell: Freezing Cloud
 14313 | D:9      | Reached skill level 1 in Ice Magic
 14322 | D:9      | Reached skill level 1 in Fighting
 14322 | D:9      | Reached skill level 1 in Armour
 14328 | D:9      | Reached skill level 1 in Air Magic
 14643 | D:9      | Found a staircase to the Orcish Mines.
 14750 | D:9      | Found an ancient bone altar of Kikubaaqudgha.
 15184 | D:9      | Reached skill level 10 in Spellcasting
 15555 | D:9      | Found a glowing golden altar of the Shining One.
 15569 | D:9      | Reached ** piety under Vehumet
 15571 | D:9      | Offered knowledge of Searing Ray by Vehumet.
 16481 | Lair:1   | Entered Level 1 of the Lair of Beasts
 16486 | Lair:1   | Learned a level 2 spell: Searing Ray
 16552 | Lair:1   | Noticed a komodo dragon
 16563 | Lair:1   | Killed a komodo dragon
 17207 | Lair:1   | Noticed a six-headed hydra
 17229 | Lair:1   | Killed a six-headed hydra
 17229 | Lair:1   | Reached skill level 10 in Conjurations
 17229 | Lair:1   | Reached XP level 11. HP: 30/75 MP: 25/25
 18429 | Lair:1   | Noticed a five-headed hydra
 18456 | Lair:1   | Killed a five-headed hydra
 18540 | Lair:1   | Reached skill level 1 in Dodging
 19399 | Lair:2   | Learned a level 2 spell: Poisonous Vapours
 20570 | Lair:2   | Reached skill level 5 in Ice Magic
 20570 | Lair:2   | Reached XP level 12. HP: 27/85 MP: 19/26
 20588 | Lair:2   | Reached skill level 5 in Fighting
 20905 | Lair:2   | Offered knowledge of Static Discharge by Vehumet.
 21471 | Lair:2   | Reached *** piety under Vehumet
 22445 | Lair:3   | Found a hole to the Spider Nest.
 22468 | Lair:3   | Slain by a jumping spider

Levels and vault maps discovered:
D:1:      dpeg_arrival_orchard, layout_rooms, minmay_quantized
D:2:      layout_rooms, old_standard_altar
D:3:      layout_loops_ring, yredelemnul_altar_generic,
          lemuel_coloured_pillars_altar, chequers_serial_rivers_micro_d,
          uniq_terence
D:4:      minmay_wonky_spiral, layout_cave_pools, minitemple,
          minmay_temple_entry_tees, first_ration, serial_shops,
          nicolae_shop_crystal, st_stairs_1, corexii_corridor_pit,
          nemelex_dance_club_becter
D:5:      layout_loops_ring, uniq_sigmund, uniq_crazy_yiuf_cottage
D:6:      layout_basic, minmay_overflow_temple_star_quad
D:7:      layout_basic, nicolae_overflow_hidden_temple, nemelex_altar_shiori,
          trog_hazing_becter
D:8:      layout_gridville, nicolae_ru_great_annihilating_truth,
          lair_entry_dummy, the_bakery, uniq_maurice
D:9:      minmay_general_purpose_star, layout_long_grid,
          nicolae_tso_besieged_by_evil, kennysheep_mini_moat, orc_0_dummy
Temple:   nicolae_temple_figure_zero
Lair:1:   layout_long_grid, serial_bayou_shore_b
Lair:2:   wander_river, layout_long_grid, grunt_forest_stairs_clearing
Lair:3:   lemuel_ratsnest, layout_loops_ring, nicolae_spider_entry_tight_spaces

Skill      XL: |  1  2  3  4  5  6  7  8  9 10 11 12 |
---------------+-------------------------------------+-----
Conjurations   | 1 2 3 4 5 7 9 10 11 | 11.0
Translocations | 1 2 3 |  3.0
Spellcasting   | 6 7 9 10 11 | 11.1
Ice Magic      | 3 5 |  5.7
Fighting       | 3 4 5 |  5.7
Armour         | 3 4 |  4.3
Air Magic      | 2 3 4 |  4.2
Dodging        | 2 3 |  3.7
Shields        | |  1.0
Hexes          | |  2.0
Necromancy     | |  1.0
Evocations     | |  1.0

Action                   |  1- 3 |  4- 6 |  7- 9 | 10-12 || total
-------------------------+-------+-------+-------+-------++-------
Melee: Club              |     5 |       |       |       ||     5
       Dagger            |    36 |    72 |    41 |       ||   149
       Spear             |       |       |   229 |   145 ||   374
       Short sword       |       |       |   113 |       ||   113
       Unarmed           |       |       |    15 |       ||    15
       Staff             |       |       |       |     1 ||     1
 Cast: Magic Dart        |    90 |   174 |   141 |   360 ||   765
       Mephitic Cloud    |     1 |     6 |    14 |     4 ||    25
       Blink             |       |    11 |     5 |    22 ||    38
       Conjure Flame     |       |     5 |     5 |    47 ||    57
       Searing Ray       |       |       |       |    22 ||    22
       Poisonous Vapours |       |       |       |     4 ||     4
       Freezing Cloud    |       |       |       |     1 ||     1
Evoke: Wand              |       |       |     4 |     2 ||     6
  Use: Scroll            |     6 |     5 |     5 |     1 ||    17
       Potion            |       |     4 |       |     9 ||    13
 Stab: Confused          |     1 |       |     9 |       ||    10
  Eat: Chunk             |     2 |     5 |    18 |    13 ||    38
       Ration            |     1 |     2 |     2 |     5 ||    10
Armor: Robe              |    13 |       |       |       ||    13
       Leather armour    |     2 |    13 |     9 |       ||    24
       Skin              |       |    15 |       |       ||    15
       Ring mail         |       |       |   174 |   169 ||   343
Dodge: Dodged            |    32 |    81 |   195 |   184 ||   492

Table legend:
 A = Non-vault XP
 B = Vault XP
 C = Vault XP percentage of total XP
 D = Non-vault monster count
 E = Vault monster count
 F = Vault count percentage of total count
                 A         B        C        D         E       F
            +---------+---------+-------+---------+---------+-------
      Total |   17675 |    2956 |  14.3 |     242 |      46 |  16.0
            +---------+---------+-------+---------+---------+-------
        D:1 |      42 |       6 |  12.5 |      23 |       5 |  17.9
        D:2 |      93 |       0 |   0.0 |      31 |       0 |   0.0
        D:3 |     226 |      36 |  13.7 |      33 |       1 |   2.9
        D:4 |     260 |      76 |  22.6 |      15 |       6 |  28.6
        D:5 |     561 |     231 |  29.2 |      16 |       1 |   5.9
        D:6 |     407 |       0 |   0.0 |      11 |       0 |   0.0
        D:7 |     613 |     491 |  44.5 |      10 |       7 |  41.2
        D:8 |     652 |     270 |  29.3 |      17 |       5 |  22.7
        D:9 |    1877 |     229 |  10.9 |      27 |      12 |  30.8
     Lair:1 |    8089 |     115 |   1.4 |      34 |       1 |   2.9
     Lair:2 |    4767 |     855 |  15.2 |      24 |       5 |  17.2
     Lair:3 |      88 |     647 |  88.0 |       1 |       3 |  75.0
            +---------+---------+-------+---------+---------+-------
